 Dungeon Crawl Stone Soup version 0.31-a0-187-gba352fbbf7 (webtiles) character file.

Game seed: 15330535584833861273

11 qw the Shooter (level 2, 0/16 HPs)
             Began as a Deep Elf Hunter on June 22, 2023.
             Frozen to death by an endoplasm (3 damage)
             ... on level 1 of the Dungeon.
             The game lasted 00:00:05 (165 turns).

qw the Shooter (Deep Elf Hunter)                     Turns: 165, Time: 00:00:06

Health: 0/16       AC:  3    Str:  8    XL:     2   Next: 13%
Magic:  4/4        EV: 12    Int: 13    God:
Gold:   7          SH:  0    Dex: 18    Spells: 1/1 levels left

rFire   . . .        a - +0 shortbow
rCold   . . .        (shield currently unavailable)
rNeg    . . .        c - +0 leather armour
rPois   .            (no helmet)
rElec   .            (no cloak)
rCorr   .            (no gloves)
SInv    .            (no boots)
Will    .....        (no amulet)
Stlth   ++           (no ring)
HPRegen 0.22/turn    (no ring)
MPRegen 0.09/turn

%: no passive effects
@: no status effects
A: no striking features
a: no special abilities


You were on level 1 of the Dungeon.
You visited 1 branch of the dungeon, and saw 1 of its levels.

You collected 7 gold pieces.


   Skills:
 - Level 1.5 Fighting
 + Level 6.0 Ranged Weapons
 - Level 2.4 Dodging
 - Level 1.2 Stealth


You had one spell level left.
You didn't know any spells.
Your spell library was empty.

Inventory:

Hand Weapons
 a - a +0 shortbow (weapon)
Armour
 c - a +0 leather armour (worn)
 d - a +0 ring mail
Scrolls
 b - a scroll of butterflies

Dungeon Overview and Level Annotations

Branches:
Dungeon (1/15)

Altars:

Shops:
D:1 (


Message History

HP restored.
A kobold comes into view. It is wielding a +0 dagger.
Enter note: You shoot an arrow.
The arrow hits the kobold.
The kobold shouts!
The kobold is heavily wounded.
You hear a shout!
An endoplasm comes into view.
You see here 10 gold pieces.
Enter note: You shoot an arrow.
The arrow misses the kobold.
The endoplasm quivers.
You hear a shout!
You shoot an arrow. The arrow closely misses the kobold.
The kobold misses you.
A kobold comes into view. It is wielding a +3 dagger.
The kobold closely misses you.
You shoot an arrow. The arrow closely misses the kobold.
You hear a shout!
The kobold misses you.
A goblin comes into view. It is wielding a +0 dagger.
You shoot an arrow. The arrow closely misses the kobold.
The kobold hits you with a +0 dagger. The endoplasm barely misses you.
You shoot an arrow. The arrow closely misses the kobold.
The kobold closely misses you. The endoplasm freezes you.
You are frozen.
You shoot an arrow. The arrow barely misses the kobold.
The kobold hits you with a +0 dagger. The endoplasm freezes you.
You are frozen.
You shoot an arrow. The arrow barely misses the kobold.
The endoplasm barely misses you. The kobold hits you but does no damage.
You shoot an arrow. The arrow barely misses the kobold.
The kobold hits you but does no damage. The endoplasm freezes you.
You are frozen.
The kobold hits you with a +0 dagger. The endoplasm freezes you.
You are frozen.
You die...

#.#.......#.# #
.#.#########.#.#####.#.####
.........................)>
.#.####.############.#####.
#.## #.# ##. #.####..# #.#
#.. #.......### #.# #..
...........## #.# #..
........##@J# #.# #..
.....######KK# #.# #..
..?.. g.... ... ... ....
...\#.. ###. .... ....# ..
....# #. ....# ....#


You could see an endoplasm, a goblin and 2 kobolds.

Vanquished Creatures
  2 ball pythons (D:1)
  2 endoplasms (D:1)
  A giant cockroach (D:1)
  2 goblins (D:1)
  A bat (D:1)
  A kobold (D:1)
9 creatures vanquished.

Notes
Turn   | Place    | Note
-------+----------+-------------------------------------------
     0 | D:1      | qw the Deep Elf Hunter began the quest for the Orb.
     0 | D:1      | Reached XP level 1. HP: 12/12 MP: 3/3
     0 | D:1      | 0 ||| qw: Version: 0.3-a-9-g12657ce
     0 | D:1      | 0 ||| qw: Game counter: 1999
     0 | D:1      | 0 ||| qw: Always use a shield: true
     0 | D:1      | 0 ||| qw: God list: Okawaru
     0 | D:1      | 0 ||| qw: Allow faded altars: false
     0 | D:1      | 0 ||| qw: Do Orc after D:15 true
     0 | D:1      | 0 ||| qw: Do second Lair branch before Depths: true
     0 | D:1      | 0 ||| qw: Lair rune preference: random
     0 | D:1      | 0 ||| qw: Plans: Normal
     0 | D:1      | 0 ||| PLANNING D:1-11
    46 | D:1      | Found a faded altar of an unknown god.
   122 | D:1      | Reached XP level 2. HP: 16/16 MP: 4/4
   133 | D:1      | Reached skill level 6 in Ranged Weapons
   133 | D:1      | 133 ||| FLEEEEING.
   134 | D:1      | 134 ||| FLEEEEING.
   135 | D:1      | 135 ||| FLEEEEING.
   136 | D:1      | 136 ||| FLEEEEING.
   137 | D:1      | 137 ||| FLEEEEING.
   151 | D:1      | Found Umaonef's Weapon Shoppe.
   165 | D:1      | HP: 4/16 [frozen (2)]
   165 | D:1      | Frozen to death by an endoplasm

Levels and vault maps discovered:
D:1:      lemuel_arrival_hallway, layout_basic, serial_shops, shop,
          ebering_ecumenical_altar_box

Skill      XL: |  1  2 |
---------------+-------+-----
Ranged Weapons | 6 |  6.0
Fighting       | |  1.5
Dodging        | |  2.4
Stealth        | |  1.2

Action                     || total
---------------------------++-------
   Fire: Shortbow          ||    27
 Armour: Leather armour    ||     3
  Dodge: Dodged            ||     9

Table legend:
 A = Non-vault XP
 B = Vault XP
 C = Vault XP percentage of total XP
 D = Non-vault monster count
 E = Vault monster count
 F = Vault count percentage of total count
                 A         B        C        D         E       F
            +---------+---------+-------+---------+---------+-------
      Total |      16 |       0 |   0.0 |       9 |       0 |   0.0
            +---------+---------+-------+---------+---------+-------
        D:1 |      16 |       0 |   0.0 |       9 |       0 |   0.0
            +---------+---------+-------+---------+---------+-------
